 Dungeon Crawl Stone Soup version 0.31.0-11-ge490571c62 (webtiles) character file.

Game seed: 7273194122208165464

63 qw the Shooter (level 3, -1/20 HPs)
             Began as a Deep Elf Hunter on Feb 4, 2024.
             Slain by Jessica
             ... wielding a +0 dagger
              (3 damage)
             ... on level 3 of the Dungeon.
             The game lasted 00:00:05 (1401 turns).

qw the Shooter (Deep Elf Hunter)                    Turns: 1401, Time: 00:00:05

Health: -1/20      AC:  4    Str: 10    XL:     3   Next: 87%
Magic:  5/5        EV: 12    Int: 13    God:
Gold:   143        SH:  0    Dex: 18    Spells: 2/2 levels left

rFire   + . .        a - +0 shortbow
rCold   . . .        (shield currently unavailable)
rNeg    . . .        k - +1 leather armour {rF+}
rPois   .            (no helmet)
rElec   .            (no cloak)
rCorr   .            (no gloves)
SInv    .            (no boots)
Will    +....        j - amulet of the acrobat
Stlth   ++           e - ring of willpower
HPRegen 0.23/turn    (no ring)
MPRegen 0.09/turn

%: acrobat
@: about to teleport
A: no striking features
a: no special abilities


You were on level 3 of the Dungeon.
You visited 1 branch of the dungeon, and saw 3 of its levels.

You collected 143 gold pieces.


   Skills:
 - Level 1.5 Fighting
 + Level 7.3 Ranged Weapons
 - Level 2.4 Dodging
 - Level 1.2 Stealth


You had 2 spell levels left.
You didn't know any spells.
Your spell library was empty.

Inventory:

Hand Weapons
 a - a +0 shortbow (weapon)
Armour
 i - a +0 ring mail
 k - a +1 leather armour of fire resistance (worn)
Jewellery
 e - a ring of willpower (left hand)
 j - an amulet of the acrobat (around neck)
Scrolls
 c - a scroll of blinking {unknown}
 f - a scroll of fear {unknown}
Potions
 d - a potion of heal wounds
 g - a potion of curing
 l - 2 potions of mutation {unknown}

Dungeon Overview and Level Annotations

Branches:
Dungeon (3/15)

Altars:

Annotations:
D:3 Jessica


Message History

Jessica the Apprentice Sorceress comes into view.
She is wielding a +0 dagger and wearing a +1 robe of willpower.
You shoot an arrow.
Jessica shouts!
The arrow hits the scorpion.
The scorpion is moderately wounded.
Jessica casts a spell.
Jessica seems to speed up.
You shoot an arrow. The arrow barely misses the scorpion.
You shoot an arrow. The arrow hits the scorpion.
The scorpion is heavily wounded.
The scorpion stings you.
You shoot an arrow. The arrow barely misses the scorpion.
The scorpion closely misses you.
You shoot an arrow. The arrow closely misses the scorpion.
The arrow hits Jessica but does no damage.
The scorpion stings you but does no damage.
The scorpion stings you.
You shoot an arrow.
The arrow hits the scorpion but does no damage.
The scorpion is heavily wounded.
Jessica closely misses you.
Jessica points at you and mumbles some strange words.
You resist with almost no effort. The scorpion stings you!
You shoot an arrow. The arrow barely misses the scorpion.
Jessica hits you but does no damage. The scorpion barely misses you.
Jessica barely misses you.
You shoot an arrow. The arrow barely misses the scorpion.
The scorpion stings you. Jessica closely misses you.
The scorpion stings you but does no damage.
You shoot an arrow. The arrow barely misses the scorpion.
Jessica barely misses you. The scorpion closely misses you.
Jessica closely misses you.
You shoot an arrow. The arrow hits the scorpion!
The scorpion is almost dead.
Jessica barely misses you. The scorpion stings you. Jessica barely misses you.
1401 ||| READING scroll of teleportation.
As you read the scroll of teleportation, it crumbles to dust.
You feel strangely unstable. The scorpion stings you.
Jessica hits you with a +0 dagger.
You die...

####### #...... #......
##############......
#......#....##(.....
..###......#.##.##......
...)'%@....#.#..........
#.###.s@...#.#..........
#.'......+.#..%..###+#
#.#..............# .
#.##.............# #
.....)#####....... . #
(##..#$!?#..###### # .
....#))?#..#
.##..#$$?#...
....#####....


You could see a scorpion and Jessica (fast).

Vanquished Creatures
  2 adders (D:2)
  A ribbon worm (D:3)
  8 ball pythons
  3 bats
  3 endoplasms (D:2)
  5 hobgoblins
  4 kobolds
  2 quokkas
  6 goblins
  6 rats
40 creatures vanquished.

Notes
Turn   | Place    | Note
-------+----------+-------------------------------------------
     0 | D:1      | qw the Deep Elf Hunter began the quest for the Orb.
     0 | D:1      | Reached XP level 1. HP: 12/12 MP: 3/3
     0 | D:1      | 0 ||| qw: Version: 0.3-a-160-g6735b56
     0 | D:1      | 0 ||| qw: Game counter: 5261
     0 | D:1      | 0 ||| qw: Melee chars always use a shield: true
     0 | D:1      | 0 ||| qw: God list: Okawaru
     0 | D:1      | 0 ||| qw: Allow faded altars: false
     0 | D:1      | 0 ||| qw: Do Orc after clearing Dungeon:15 true
     0 | D:1      | 0 ||| qw: Do second Lair branch before Depths: true
     0 | D:1      | 0 ||| qw: Lair rune preference: random
     0 | D:1      | 0 ||| qw: Goals: Normal
     0 | D:1      | 0 ||| PLANNING D:1-11
   198 | D:1      | Reached XP level 2. HP: 16/16 MP: 4/4
   210 | D:1      | Reached skill level 6 in Ranged Weapons
   483 | D:1      | 483 ||| UPGRADING to ring of willpower.
   484 | D:1      | 484 ||| READING scroll labelled UCSOCO EBROHU.
   484 | D:1      | 484 ||| IDENTIFYING sapphire potion
   485 | D:1      | 485 ||| DROPPING scroll of butterflies.
   661 | D:2      | Reached XP level 3. HP: 20/20 MP: 5/5
  1224 | D:2      | Reached skill level 7 in Ranged Weapons
  1278 | D:2      | 1278 ||| UPGRADING to +0 ring mail.
  1288 | D:2      | 1288 ||| DROPPING +0 leather armour.
  1289 | D:2      | 1289 ||| UPGRADING to +1 leather armour of fire resistance.
  1299 | D:2      | 1299 ||| UPGRADING to amulet of the acrobat.
  1304 | D:2      | 1304 ||| READING scroll of identify.
  1304 | D:2      | 1304 ||| IDENTIFYING fuming white potion
  1305 | D:2      | 1305 ||| READING 2 scrolls labelled TIZOEL VECVABU.
  1308 | D:2      | 1308 ||| READING scroll labelled FAVYUKK XEMAB.
  1389 | D:3      | Noticed a scorpion
  1390 | D:3      | Noticed Jessica
  1400 | D:3      | HP: 3/20 [scorpion (6)]
  1401 | D:3      | 1401 ||| READING scroll of teleportation.
  1401 | D:3      | Slain by Jessica

Levels and vault maps discovered:
D:1:      saegor_arrival_simple_e, layout_basic
D:2:      layout_loops_corners
D:3:      layout_basic, due_unseen_surprise, uniq_natasha, uniq_jessica

Skill      XL: |  1  2  3 |
---------------+----------+-----
Ranged Weapons | 6 7 |  7.3
Fighting       | |  1.5
Dodging        | |  2.4
Stealth        | |  1.2

Action                     || total
---------------------------++-------
   Fire: Shortbow          ||   103
    Use: Scroll            ||     5
 Armour: Leather armour    ||    17
  Dodge: Dodged            ||    16

Table legend:
 A = Non-vault XP
 B = Vault XP
 C = Vault XP percentage of total XP
 D = Non-vault monster count
 E = Vault monster count
 F = Vault count percentage of total count
                 A         B        C        D         E       F
            +---------+---------+-------+---------+---------+-------
      Total |      90 |       0 |   0.0 |      40 |       0 |   0.0
            +---------+---------+-------+---------+---------+-------
        D:1 |      22 |       0 |   0.0 |      15 |       0 |   0.0
        D:2 |      53 |       0 |   0.0 |      18 |       0 |   0.0
        D:3 |      15 |       0 |   0.0 |       7 |       0 |   0.0
            +---------+---------+-------+---------+---------+-------
